 Dungeon Crawl Stone Soup version 0.30-a0-373-gd37427bb62 (webtiles) character file.

Game seed: 6255886695240317618

8707 garrulousMonolith the Basher (level 11, 0/68 HPs)
             Began as a Gargoyle Fighter on Nov 24, 2022.
             Was an Elder of Okawaru.
             Slain by a warg (8 damage)
             ... on level 10 of the Dungeon.
             The game lasted 00:12:46 (8923 turns).

garrulousMonolith the Basher (Gargoyle Fighter)     Turns: 8923, Time: 00:12:46

Health: 0/68       AC: 29    Str: 30    XL:     11   Next: 35%
Magic:  16/16      EV: 12    Int: 17    God:    Okawaru [****..]
Gold:   488        SH:  5    Dex: 11    Spells: 10/10 levels left

rFire   + . .      SeeInvis .    a - +9 hammer of Harokk {flame, rF+ Stlth+}
rCold   . . .      Faith    +    c - +0 buckler
rNeg    + . .      Spirit   .    t - +1 ring mail "Ofo Coah" {-Cast rPois Str+10 Slay+2}
rPois   ∞          Reflect  .    A - +2 helmet
rElec   +          Harm     .    J - +0 cloak
rCorr   .          Rampage  .    q - +2 pair of gloves
Will    .....      NoCast   +    o - +0 pair of boots
Stlth   ++........               f - amulet of faith
HPRegen 0.31/turn                h - +4 ring of protection
MPRegen 0.15/turn                H - +6 ring of intelligence

@: no status effects
A: sickness immunity, AC +8, negative energy resistance 1, electricity
resistance, torment resistance 1, petrification resistance
a: Renounce Religion, Heroism, Finesse


You were on level 10 of the Dungeon.
You worshipped Okawaru.
Okawaru was greatly pleased with you.
You visited 2 branches of the dungeon, and saw 11 of its levels.

You collected 553 gold pieces.
You spent 65 gold pieces at shops.

Inventory:

Hand Weapons
 a - the +9 hammer of Harokk (weapon) {flame, rF+ Stlth+}
   (You found it on level 7 of the Dungeon)

   It burns those it strikes, dealing additional fire damage.
   rF:        It protects you from fire.
   Stlth:     It makes you more stealthy.
 n - a +0 sling
 Q - a +0 flail of venom
 V - a +2 great mace of holy wrath
Missiles
 y - 6 silver javelins (quivered)
 T - 4 poisoned darts
Armour
 c - a +0 buckler (worn)
 o - a +0 pair of boots (worn)
 q - a +2 pair of gloves (worn)
 t - the +1 ring mail "Ofo Coah" (worn) {-Cast rPois Str+10 Slay+2}
   (You found it on level 3 of the Dungeon)

   Str:       It affects your strength (+10).
   Slay:      It affects your accuracy & damage with ranged weapons and melee
   (+2).
   rPois:     It protects you from poison.
   -Cast:     It prevents spellcasting.
 A - a +2 helmet (worn)
 J - a +0 cloak (worn)
 R - a +0 plate armour
Jewellery
 d - a +6 ring of strength
 f - an amulet of faith (around neck)
 h - a +4 ring of protection (left hand)
 H - a +6 ring of intelligence (right hand)
Wands
 D - a wand of flame (38)
 N - a wand of roots (16)
 U - a wand of paralysis (1)
Scrolls
 b - a scroll of noise {unknown}
 e - 7 scrolls of enchant weapon
 i - 2 scrolls of immolation {unknown}
 k - 4 scrolls of teleportation
 l - a scroll of amnesia {unknown}
 m - 4 scrolls of enchant armour
 r - a scroll of brand weapon {unknown}
 s - a scroll of silence
 v - a scroll of fear {unknown}
 w - 3 scrolls of magic mapping {unknown}
 x - a scroll of poison {unknown}
 z - a scroll of blinking {unknown}
 M - 2 scrolls of butterflies {unknown}
 P - 3 scrolls of identify
Potions
 g - 3 potions of cancellation
 j - 2 potions of brilliance
 p - 2 potions of curing
 C - 2 potions of berserk rage
 F - a potion of resistance {unknown}
 K - a potion of magic {unknown}
 L - 2 potions of mutation {unknown}
 O - 2 potions of flight {unknown}
 S - a potion of haste


   Skills:
 + Level 7.9 Fighting
 * Level 9.6 Maces & Flails
 + Level 8.2 Armour
 - Level 5.0 Dodging
 + Level 8.0 Shields
 + Level 7.2 Invocations


You had 10 spell levels left.
You didn't know any spells.
Your spell library contained the following spells:

 Spells                   Type           Power      Damage    Failure   Level
 Beastly Appendage        Tmut           0%         N/A       36%         1
 Freeze                   Ice            0%         1d3       36%         1
 Necrotise                Necr           0%         1d4       36%         1
 Blink                    Tloc           0%         N/A       52%         2
 Momentum Strike          Conj/Tloc      0%         3d8       52%         2
 Wereblood                Tmut           0%         N/A       52%         2
 Frozen Ramparts          Ice            0%         1d1       75%         3
 Hailstorm                Conj/Ice       0%         3d3       75%         3
 Lesser Beckoning         Tloc           0%         N/A       75%         3
 Spider Form              Tmut/Pois      0%         N/A       75%         3
 Vampiric Draining        Necr           0%         2d6       75%         3
 Ice Form                 Ice/Tmut       0%         N/A       98%         4
 Passage of Golubria      Tloc           0%         N/A       98%         4
 Agony                    Necr           0%         N/A       100%        5
 Yara's Violent Unravell  Hex/Tmut       0%         3d3       100%        5
 Conjure Ball Lightning   Conj/Air       0%         3x3d7     100%        6
 Discord                  Hex            0%         N/A       100%        8
 Disjunction              Tloc           0%         N/A       100%        8
 Tukima's Dance           Hex            Unusable   N/A       N/A         3
 Simulacrum               Ice/Necr       Unusable   N/A       N/A         6

Dungeon Overview and Level Annotations

Branches:
Dungeon (10/15)            Temple (1/1) D:6             Orc (0/2) D:10
   Lair: D:8-11

Altars:
Ashenzari
Cheibriados
Dithmenos
Elyvilon
Fedhas
Gozag
Hepliaklqana
Kikubaaqudgha
Makhleb
Nemelex Xobeh
Okawaru
Qazlal
Ru
Sif Muna
Trog
Uskayaw
Vehumet
Wu Jian
Xom
Yredelemnul
Zin
The Shining One

Shops:
D:3 !

Annotations:
D:8 4 transporters


Innate Abilities, Weirdness & Mutations

You are immune to sickness and miasma.
Your stone body is resilient. (AC +8)
You are immune to poison.
You resist negative energy. (rN+)
You are resistant to electric shocks. (rElec)
You are resistant to unholy torment.
You are immune to petrification.


Message History

The orc warrior hits you from afar with a +0 glaive.
The warg closely misses you. The warg bites you but does no damage.
You hit the warg. You burn the warg.
You kill the warg!
Okawaru accepts your kill. You block the orc's attack.
The orc warrior misses you.
The orc warrior unwields a +0 dire flail.
The orc warrior wields a +0 arbalest.
The orc warrior shoots a bolt.
The bolt hits you! You block the warg's attack.
You miss something. The orc hits you but does no damage.
The orc warrior barely misses you. Something hits you but does no damage.
You block the warg's attack.
The orc warrior shoots a bolt.
The bolt hits you!
You hit something. You burn something. The warg barely misses you.
The orc closely misses you.
The orc warrior hits you but does no damage.
You block something's attack.
You hit something. You burn something. You block the warg's attack.
The orc hits you with a +0 hand axe. Something hits you.
The orc warrior hits you but does no damage.
The orc warrior shoots a bolt.
Reactivating autopickup.
You feel a bit more experienced. The warg barely misses you.
The orc hits you but does no damage. The orc warrior closely misses you.
The orc warrior unwields a +0 arbalest.
The orc warrior wields a +0 dire flail.
The orc warrior closely misses you. The warg bites you but does no damage.
Things that are here:
a +0 dagger; a +0 robe You thump the orc warrior!
You burn the orc warrior.
The orc warrior is heavily wounded.
The orc closely misses you. The warg bites you!
* * * LOW HITPOINT WARNING * * *
The orc warrior hits you with a +0 glaive.
* * * LOW HITPOINT WARNING * * *
The orc warrior hits you with a +0 dire flail.
* * * LOW HITPOINT WARNING * * *
You hit the orc warrior. You burn the orc warrior.
The orc warrior is almost dead.
The warg bites you!
You die...

#...###...~# #~.#.#
#......>#.≈# #≈.#.#
#.#.#.#...~# #~...#
#.#.#.#.#.≈# #~.#.#
#.#.#.#.#.≈###+###~...#
#...#.#.#..'.....#≈.#.#
#####.#.#..'.....#~.#.#
#.#.#.~###'###~.#.#
#.#.#.~#.h@o)#~.#.#
#.#...~#..oo.#~.#.#
#.#...~#.....#≈.#.#
#.#.#.~#$...)#~...#
#.#.#.~#######~.###
#.#.#.~~~~~~≈≈~.#
#...............#
###......########
########


You could see a warg, 2 orc warriors and an orc.

Vanquished Creatures
  2 two-headed ogres
  A catoblepas (D:9)
  A manticore (D:10)
  A cyclops (D:8)
  Prince Ribbit (D:5)
  Grinder (D:6)
  A wraith (D:9)
  Sigmund (D:3)
  6 yaks (D:9)
  A wyvern (D:8)
  Menkaure (D:4)
  2 steam dragons
  A warg (D:10)
  Edmund (D:4)
  Duvessa (D:4)
  4 water moccasins
  6 orc warriors (D:10)
  3 centaurs
  An ogre (D:6)
  2 phantoms
  A gnoll sergeant (D:8)
  A kobold brigand (D:9)
  2 necrophages
  3 scorpions
  11 killer bees
  Dowan (D:4)
  2 electric eels
  6 howler monkeys
  A hound (D:4)
  A jelly (D:5)
  9 orc priests
  2 gnoll boudas
  3 iron imps (D:6)
  Crazy Yiuf (D:7)
  3 iguanas
  5 orc wizards
  Robin (D:4)
  18 gnolls
  4 adders
  A white imp (D:7)
  5 worms
  40 orcs
  4 ball pythons
  7 bats
  7 endoplasms
  3 giant cockroaches
  16 goblins
  15 hobgoblins
  6 quokkas
  3 frilled lizards
  9 kobolds
  6 rats
235 creatures vanquished.

Vanquished Creatures (others)
  An orc wizard (D:10)
  9 plants (D:6)
10 creatures vanquished.

Grand Total: 245 creatures vanquished

Notes
Turn   | Place    | Note
-------+----------+-------------------------------------------
     0 | D:1      | garrulousMonolith the Gargoyle Fighter began the quest for
                  | the Orb.
     0 | D:1      | Reached XP level 1. HP: 14/14 MP: 1/1
   110 | D:1      | Reached XP level 2. HP: 13/19 MP: 2/2
   292 | D:1      | Reached XP level 3. HP: 5/23 MP: 3/3
   811 | D:1      | Reached skill level 1 in Invocations
  1068 | D:2      | Reached XP level 4. HP: 27/28 MP: 4/4
  1505 | D:3      | Found Mianwuc's Distillery.
  1543 | D:3      | Identified the +1 ring mail "Ofo Coah" {-Cast rPois Str+10
                  | Slay+2}
  1586 | D:3      | Bought a potion of heal wounds for 65 gold pieces
  1597 | D:3      | Noticed Sigmund
  1622 | D:3      | Killed Sigmund
  1623 | D:3      | Reached skill level 3 in Maces & Flails
  1623 | D:3      | Reached skill level 1 in Dodging
  1623 | D:3      | Reached XP level 5. HP: 33/33 MP: 4/6
  1623 | D:3      | Reached XP level 6. HP: 38/38 MP: 4/7
  1835 | D:3      | Found an opulent altar of Gozag.
  1957 | D:4      | Noticed Duvessa
  2011 | D:4      | Noticed Dowan
  2307 | D:4      | Noticed Menkaure
  2324 | D:4      | Killed Menkaure
  2325 | D:4      | Reached skill level 4 in Maces & Flails
  2325 | D:4      | Reached XP level 7. HP: 37/44 MP: 8/8
  2456 | D:4      | Killed Duvessa
  2466 | D:4      | Killed Dowan
  2548 | D:4      | Noticed Edmund
  2560 | D:4      | Killed Edmund
  2678 | D:4      | Reached skill level 5 in Armour
  2757 | D:4      | Noticed Robin
  2767 | D:4      | Killed Robin
  3697 | D:5      | Entered Level 5 of the Dungeon
  3704 | D:5      | Reached skill level 5 in Maces & Flails
  3704 | D:5      | Reached XP level 8. HP: 48/48 MP: 10/10
  3929 | D:5      | Found a blossoming altar of Fedhas.
  3954 | D:5      | Reached skill level 5 in Shields
  4012 | D:5      | Noticed Prince Ribbit
  4031 | D:5      | Killed Prince Ribbit
  4032 | D:5      | Reached skill level 5 in Fighting
  4303 | D:5      | Found a basalt altar of Yredelemnul.
  4470 | D:6      | Found a burning altar of Makhleb.
  4640 | D:6      | Reached skill level 6 in Maces & Flails
  4646 | D:6      | Reached XP level 9. HP: 42/54 MP: 12/12
  4928 | D:6      | Found a staircase to the Ecumenical Temple.
  4956 | Temple   | Entered the Ecumenical Temple
  5017 | Temple   | Became a worshipper of Warmaster Okawaru
  5207 | D:6      | Found a radiant altar of Vehumet.
  5328 | D:6      | Noticed Grinder
  5341 | D:6      | Paralysed by Grinder for 5 turns
  5359 | D:6      | Killed Grinder
  5832 | D:7      | Reached skill level 7 in Maces & Flails
  5860 | D:7      | Found a sparkling altar of Nemelex Xobeh.
  5888 | D:7      | Reached skill level 5 in Invocations
  5919 | D:7      | Found a runed translucent door.
  5919 | D:7      | Identified the +10 hammer "Asik" {vorpal, rF- Str+2 Dex+4}
  5931 | D:7      | Noticed Crazy Yiuf
  5938 | D:7      | Killed Crazy Yiuf
  5972 | D:7      | Identified the +9 hammer of Harokk {flame, rF+ Stlth+}
  6085 | D:7      | Reached * piety under Okawaru
  6408 | D:8      | Found a transporter.
  6423 | D:8      | Found a transporter.
  6540 | D:8      | Reached XP level 10. HP: 52/61 MP: 14/14
  6546 | D:8      | Reached ** piety under Okawaru
  6596 | D:8      | Noticed a cyclops
  6600 | D:8      | Killed a cyclops
  6621 | D:8      | Noticed a two-headed ogre
  6628 | D:8      | Killed a two-headed ogre
  6629 | D:8      | Reached skill level 8 in Maces & Flails
  6846 | D:8      | Found a transporter.
  7016 | D:8      | Found a transporter.
  7318 | D:9      | Reached *** piety under Okawaru
  7442 | D:9      | Paralysed by a gnoll for 3 turns
  7490 | D:9      | Noticed a two-headed ogre
  7497 | D:9      | Killed a two-headed ogre
  7577 | D:9      | Reached **** piety under Okawaru
  7578 | D:9      | Reached skill level 9 in Maces & Flails
  7578 | D:9      | Reached skill level 5 in Dodging
  7578 | D:9      | Reached XP level 11. HP: 47/67 MP: 15/15
  7956 | D:10     | Entered Level 10 of the Dungeon
  8301 | D:10     | Found a staircase to the Orcish Mines.
  8578 | D:10     | Noticed a catoblepas
  8580 | D:10     | Noticed a manticore
  8594 | D:9      | Killed a catoblepas
  8692 | D:10     | Killed a manticore
  8923 | D:10     | Slain by a warg

Illustrated notes

Levels and vault maps discovered:
D:1:      dpeg_arrival_short_road, layout_basic
D:2:      layout_loops_ring
D:3:      layout_rooms, grunt_gozag_statues, serial_shops, shop, minmay_vboxes,
          uniq_sigmund
D:4:      layout_layer_cave, corexii_hall_statues_i, uniq_robin, uniq_menkaure,
          uniq_edmund, uniq_duvessa
D:5:      layout_rooms, mainiacjoe_overflow_paths, kennysheep_little_box,
          uniq_prince_ribbit1
D:6:      layout_basic, demons_altar, mainiacjoe_overflow_cross_hatched,
          minmay_temple_entry_water_ring, uniq_grinder
D:7:      layout_rooms, kennysheep_mini, uniq_crazy_yiuf_cottage
D:8:      minmay_distorted_concentric_squares, layout_cave_pools, minivault_14,
          st_stairs_2, nicolae_transporter_intersection
D:9:      layout_basic
D:10:     nzn_motion_control, layout_basic, david_orc_5, nooodl_orcs_dogs
Temple:   compressed_dpeg_triangle_lava_temple

Skill      XL: |  1  2  3  4  5  6  7  8  9 10 11 |
---------------+----------------------------------+-----
Invocations    | 1 2 3 4 5 6 7 |  7.2
Fighting       | 4 5 6 7 |  7.9
Maces & Flails | 3 4 5 6 7 9 |  9.6
Armour         | 4 5 6 7 8 |  8.2
Dodging        | 1 2 3 4 5 |  5.0
Shields        | 4 5 6 7 8 |  8.0

Action                   |  1- 3 |  4- 6 |  7- 9 | 10-12 || total
-------------------------+-------+-------+-------+-------++-------
Melee: Flail             |    37 |       |       |       ||    37
       Short sword       |    74 |   124 |   327 |       ||   525
       Mace              |       |       |    41 |   210 ||   251
Throw: Javelin           |       |       |     2 |       ||     2
Invok: Heroism           |       |       |       |     7 ||     7
       Finesse           |       |       |       |     1 ||     1
  Use: Potion            |     1 |     1 |     2 |     2 ||     6
       Scroll            |       |     3 |     7 |       ||    10
Armor: Scale mail        |    45 |    16 |       |       ||    61
       Ring mail         |       |    55 |   193 |   102 ||   350
Dodge: Dodged            |    49 |    73 |   191 |   114 ||   427
Block: Buckler           |    14 |    21 |    75 |    53 ||   163

Table legend: (Time is in decaauts)
 A = Elapsed time spent in this place.
 B = Non-inter-level travel time spent in this place.
 C = Inter-level travel time spent in this place.
 D = Time resting spent in this place.
 E = Time spent auto-exploring this place.
 F = Levels seen in this place.
 G = Mean time per level.
                   A        B        C        D        E       F      G
               +--------+--------+--------+--------+--------+-----+--------+
         Total |   8941 |   8570 |    371 |    762 |   5942 |  11 |  812.8 |
       Dungeon |   8726 |   8368 |    358 |    762 |   5750 |  10 |  872.6 |
        Temple |    214 |    202 |     12 |      0 |    192 |   1 |  214.0 |
               +--------+--------+--------+--------+--------+-----+--------+

Top non-repeatable levels by time:
     D:4: 1816 daAuts
     D:6: 1126 daAuts
     D:9: 945 daAuts
     D:1: 919 daAuts
    D:10: 863 daAuts
     D:8: 744 daAuts
     D:5: 620 daAuts
     D:2: 591 daAuts
     D:7: 577 daAuts
     D:3: 521 daAuts
  Temple: 214 daAuts
